 Dungeon Crawl Stone Soup version 0.23-a0-356-g1757c6e (webtiles) character file.

47 BingusPrime the Insei (level 3, 0/34 HPs)
             Began as an Octopode Transmuter on Oct 21, 2018.
             Slain by Robin
             ... wielding a +0 short sword
              (3 damage)
             ... on level 2 of the Dungeon.
             The game lasted 00:13:06 (971 turns).

BingusPrime the Insei (Octopode Transmuter)          Turns: 971, Time: 00:13:06

Health: 0/34       AC: 21    Str:  7    XL:     3   Next: 70%
Magic:  6/6        EV:  2    Int: 15    God:
Gold:   86         SH:  0    Dex: 13    Spells: 5/6 levels left

rFire    . . .     SeeInvis .   e - +0 short sword
rCold    . . .     Gourm    .   (no shield)
rNeg     + + +     Faith    .   (helmet currently unavailable)
rPois    +         Spirit   .   (no amulet)
rElec    .         Reflect  .   i - +4 ring of evasion
rCorr    .         Harm     .   (no ring)
MR       .....     NoTele   +   (no ring)
Stlth    +.........             (no ring)
HPRegen  0.11/turn              (no ring)
MPRegen  0.10/turn              (no ring)
                                (no ring)
                                (no ring)

@: tree-form (expiring)
A: almost no armour, stealthy swim, (amphibious), 8 rings, (constrict 8), weak 1
a: no special abilities


You were on level 2 of the Dungeon.
You were hungry.
You were a tree.
You visited 1 branch of the dungeon, and saw 2 of its levels.

You collected 86 gold pieces.

Inventory:

Hand Weapons
 b - a +1 vampiric whip
 e - a +0 short sword (weapon)
Missiles
 a - 23 arrows
 d - 58 stones (quivered)
 j - 51 sling bullets
Jewellery
 i - a +4 ring of evasion (left branch)
Scrolls
 k - a scroll of identify
 l - a scroll of remove curse
Comestibles
 c - 3 rations


   Skills:
 + Level 1.2 Fighting
 + Level 2.2 Dodging
 - Level 0.1 Stealth
 + Level 3.5 Unarmed Combat
 + Level 2.4 Spellcasting
 * Level 2.6 Transmutations


You had 5 spell levels left.
You knew the following spells:

 Your Spells              Type           Power        Failure   Level  Hunger
a - Beastly Appendage     Tmut           #.....       8%          1    #......

Your spell library contained the following spells:

 Spells                   Type           Power        Failure   Level  Hunger
 Sticks to Snakes         Tmut           #.......     11%         2    ###....
 Spider Form              Tmut/Pois      #.........   36%         3    ###....
 Ice Form                 Ice/Tmut       #.......     77%         4    #####..
 Blade Hands              Tmut           #.........   90%         5    ######.


Dungeon Overview and Level Annotations

Branches:
Dungeon (2/15)

Altars:
Gozag

Annotations:
D:2 Robin


Innate Abilities, Weirdness & Mutations

You cannot wear most types of armour.
You are very stealthy in the water. (Stealth+)
((You are amphibious.))
You can wear up to eight rings at the same time.
((You can use your tentacles to constrict eight enemies at once.))
((Your skin changes colour to match your surroundings (Stealth+).))
((Your rubbery body absorbs attacks. (AC +1, EV +1)))
((Your flesh is heat resistant. (rF+)))
You are weak. (Str -2)


Message History

The hobgoblin hits you but does no damage.
You barely miss the hobgoblin.
The hobgoblin is severely wounded.
The hobgoblin barely misses you.
You hit the hobgoblin but do no damage.
The hobgoblin is severely wounded.
The hobgoblin barely misses you.
You hit the hobgoblin but do no damage.
The hobgoblin is severely wounded.
The hobgoblin no longer looks unusually strong.
The hobgoblin hits you but does no damage.
You hit the hobgoblin.
You kill the hobgoblin!
You hit Robin.
Robin is moderately wounded.
Robin hits you but does no damage. x2
You hit Robin but do no damage.
Robin is moderately wounded.
Robin hits you with a +0 short sword.
You die...

##..[## .#
##.....###.#
#...........
#..........#
#.......#..#
##.....##
##$g.##
##g## #♣#
#)# #.# #.#
#.# #
#.#####>#.
#.........
##......#
#.#########


You could see Robin and a hobgoblin.

Vanquished Creatures
  An ooze (D:1)
  A dart slug (D:1)
  A leopard gecko (D:2)
  17 goblins
  3 hobgoblins
  A ball python (D:1)
  4 bats (D:1)
  3 frilled lizards
  2 kobolds
  5 rats
38 creatures vanquished.

Notes
Turn   | Place    | Note
-------+----------+-------------------------------------------
     0 | D:1      | BingusPrime the Octopode Transmuter began the quest for the
                  | Orb.
     0 | D:1      | Reached XP level 1. HP: 13/13 MP: 3/3
   161 | D:1      | Reached XP level 2. HP: 15/18 MP: 3/5
   567 | D:1      | Reached XP level 3. HP: 20/23 MP: 4/6
   824 | D:2      | Found an opulent altar of Gozag.
   909 | D:2      | Identified the +0 helmet of the Morning Star {Str+5}
   909 | D:2      | Noticed Robin
   924 | D:2      | Gained mutation: You are weak. (Str -2) [potion of
                  | mutation]
   924 | D:2      | Gained mutation: Your flesh is heat resistant. (rF+)
                  | [potion of mutation]
   955 | D:2      | HP: 1/34 [goblin[Robin] (3)]
   971 | D:2      | Slain by Robin

Vault maps used:
D:1:      dpeg_arrival_renting
D:2:      grunt_gozag_breadcrumbs, uniq_robin

Action                   || total
-------------------------++-------
Melee: Unarmed           ||    30
       Constrict         ||    13
       Kick              ||    10
       Tentacles         ||     4
       Short sword       ||    68
       Punch             ||     2
 Cast: Beastly Appendage ||    18
  Use: Scroll            ||     3
       Potion            ||     2
 Stab: Sleeping          ||     8
Armor: Skin              ||    72
Dodge: Dodged            ||    50

Table legend:
 A = Non-vault XP
 B = Vault XP
 C = Vault XP percentage of total XP
 D = Non-vault monster count
 E = Vault monster count
 F = Vault count percentage of total count
                 A         B        C        D         E       F
            +---------+---------+-------+---------+---------+-------
      Total |      51 |      17 |  25.0 |      28 |      10 |  26.3
            +---------+---------+-------+---------+---------+-------
        D:1 |      42 |       0 |   0.0 |      23 |       0 |   0.0
        D:2 |       9 |      17 |  65.4 |       5 |      10 |  66.7
            +---------+---------+-------+---------+---------+-------
